 Dungeon Crawl Stone Soup version 0.27-a0-797-g27d10ad80f (webtiles) character file.

Game seed: 15970905497042436733

89 polve the Slasher (level 4, -3/35 HPs)
             Began as a Demonspawn Abyssal Knight on Mar 27, 2021.
             Was a Believer of Lugonu.
             Slain by an ice beast (6 damage)
             ... on level 4 of the Dungeon.
             The game lasted 00:02:06 (2864 turns).

polve the Slasher (Demonspawn Abyssal Knight)       Turns: 2864, Time: 00:02:06

Health: -3/35      AC:  8    Str: 12    XL:     4   Next: 31%
Magic:  5/5        EV: 10    Int: 15    God:    Lugonu [**....]
Gold:   209        SH:  0    Dex: 12    Spells: 3/3 levels left

rFire    . . .     SeeInvis .   a - +1 falchion
rCold    . . .     Faith    .   (no shield)
rNeg     . . .     Spirit   .   k - +0 ring mail
rPois    +         Reflect  .   (no helmet)
rElec    .         Harm     .   b - +0 cloak
rCorr    .         Rampage  .   (no gloves)
Will     .....                  (no boots)
Stlth    +.........             (no amulet)
HPRegen  0.11/turn              h - ring of poison resistance
MPRegen  0.09/turn              (no ring)

@: no status effects
A: talons 1, iridescent scales 1, foul stench 1
a: Renounce Religion, Depart the Abyss, Bend Space


You were on level 4 of the Dungeon.
You worshipped Lugonu.
Lugonu was pleased with you.
You visited 1 branch of the dungeon, and saw 4 of its levels.
You visited the Abyss 1 time.

You collected 209 gold pieces.

Inventory:

Hand Weapons
 a - a +1 falchion (weapon)
Armour
 b - a +0 cloak (worn)
 k - a +0 ring mail (worn)
Jewellery
 h - a ring of poison resistance (left hand)
Scrolls
 c - a scroll of summoning {unknown}
 e - a scroll of torment {unknown}
 f - a scroll of magic mapping {unknown}
 g - a scroll of fear {unknown}
 j - 3 scrolls of amnesia {unknown}
 m - 2 scrolls of identify {unknown}
 n - a scroll of fog {unknown}
 o - a scroll of teleportation
Potions
 d - a potion of lignification {unknown}
 i - 2 potions of attraction {unknown}
 l - a potion of heal wounds {unknown}


   Skills:
 - Level 3.0 Fighting
 + Level 4.2 Long Blades
 - Level 1.7 Armour
 - Level 0.8 Dodging
 - Level 2.4 Invocations


You had 3 spell levels left.
You didn't know any spells.
Your spell library was empty.

Dungeon Overview and Level Annotations

Branches:
Dungeon (4/15)
 Temple: D:4-7

Altars:
Elyvilon

Shops:
D:1 [


Innate Abilities, Weirdness & Mutations

You have sharp toenails.
You are partially covered in iridescent scales. (AC +2)
You may rarely emit foul miasma when damaged in melee.


Message History

The ice beast hits you but does no damage.
You barely miss the ice beast.
The ice beast is moderately wounded.
The ice beast hits you. The ice beast freezes you!
You are too injured to fight recklessly!
You are too injured to fight recklessly!
You hit the ice beast but do no damage.
The ice beast is moderately wounded.
The ice beast hits you but does no damage.
You hit the ice beast.
The ice beast is moderately wounded.
The ice beast misses you.
You hit the ice beast.
The ice beast is heavily wounded.
The ice beast hits you but does no damage.
You hit the ice beast.
The ice beast is heavily wounded.
The ice beast hits you but does no damage.
You barely miss the ice beast.
The ice beast is heavily wounded.
The ice beast hits you. The ice beast freezes you!
The ice beast closely misses you.
You hit the ice beast.
The ice beast is heavily wounded.
The ice beast hits you but does no damage.
You barely miss the ice beast.
The ice beast is heavily wounded.
The ice beast barely misses you.
You riposte.
You hit the ice beast.
The ice beast is severely wounded.
Your ring mail prevents you from hitting the ice beast.
You claw the ice beast.
The ice beast is almost dead.
The ice beast hits you. The ice beast freezes you.
* * * LOW HITPOINT WARNING * * *
You hit the ice beast but do no damage. Your kick misses the ice beast.
The ice beast is almost dead.
The ice beast hits you.
* * * LOW HITPOINT WARNING * * *
The ice beast freezes you.
You die...

#..#
##.>##
#...#.
#.... ....
#..###.#
###..Y...#
# #...@#
#.#.##.#
#.#.##.#
#......#
###...####
#.......+
....
##...####
.....
#...##
......
#...#
#....


You could see an ice beast.

Vanquished Creatures
  3 adders
  A worm (D:2)
  A dart slug (D:1)
  4 orcs (D:4)
  4 ball pythons
  4 endoplasms
  3 giant cockroaches
  6 goblins
  A hobgoblin (D:3)
  4 jackals (D:2)
  5 kobolds
  2 quokkas
  5 bats
  A jackal skeleton (D:4)
  5 rats
49 creatures vanquished.

Notes
Turn   | Place    | Note
-------+----------+-------------------------------------------
     0 | Abyss:1  | polve the Demonspawn Abyssal Knight began the quest for the
                  | Orb.
     0 | Abyss:1  | Reached XP level 1. HP: 18/18 MP: 2/2
   114 | Abyss:1  | Noticed a thrashing horror
   115 | D:1      | Escaped the Abyss
   134 | D:1      | Noticed a black bear
   134 | D:1      | Noticed a snapping turtle
   134 | D:1      | Noticed a killer bee
   135 | D:1      | Noticed a four-headed hydra
   135 | D:1      | Noticed a lindwurm
   161 | D:1      | Reached skill level 2 in Long Blades
   401 | D:1      | Gained mutation: You are partially covered in iridescent
                  | scales. (AC +2) [demonic ancestry]
   401 | D:1      | Reached XP level 2. HP: 24/24 MP: 3/3
   423 | D:1      | Reached * piety under Lugonu
   572 | D:1      | Reached skill level 3 in Long Blades
   595 | D:1      | Found Ullirr's Antique Armour Shop.
   893 | D:2      | Gained mutation: You have sharp toenails. [demonic
                  | ancestry]
   893 | D:2      | Reached XP level 3. HP: 15/29 MP: 4/4
  2418 | D:3      | Reached skill level 4 in Long Blades
  2418 | D:3      | Gained mutation: You may rarely emit foul miasma when
                  | damaged in melee. [demonic ancestry]
  2418 | D:3      | Reached XP level 4. HP: 35/35 MP: 5/5
  2676 | D:4      | Reached ** piety under Lugonu
  2849 | D:4      | Noticed an ice beast
  2864 | D:4      | Slain by an ice beast

Illustrated notes

Levels and vault maps discovered:
D:1:      onia_arrival_zoo_common, layout_basic, serial_shops,
          nicolae_shop_window_shopping
D:2:      layout_basic
D:3:      layout_basic, elyvilon_altar_1
D:4:      layout_loops_corners, ebering_ghost_disaster_area, enter_ossuary_3

Skill      XL: |  1  2  3 |
---------------+----------+-----
Long Blades    | 2 3 4 |  4.2
Fighting       | |  3.0
Armour         | |  1.7
Dodging        | |  0.8
Invocations    | |  2.4

Action                   |  1- 3 |  4- 6 || total
-------------------------+-------+-------++-------
Melee: Falchion          |    81 |    43 ||   124
       Kick              |     9 |     7 ||    16
Invok: Depart the Abyss  |     1 |       ||     1
  Use: Scroll            |     1 |       ||     1
Armor: Leather armour    |    33 |       ||    33
       Ring mail         |     5 |    21 ||    26
Dodge: Dodged            |    56 |    23 ||    79
       Rpst.: Falchion   |    16 |     6 ||    22

Table legend: (Time is in decaauts)
 A = Elapsed time spent in this place.
 B = Non-inter-level travel time spent in this place.
 C = Inter-level travel time spent in this place.
 D = Time resting spent in this place.
 E = Time spent auto-exploring this place.
 F = Levels seen in this place.
 G = Mean time per level.
                   A        B        C        D        E       F      G
               +--------+--------+--------+--------+--------+-----+--------+
         Total |   2880 |   2666 |    214 |      0 |   2354 |   5 |  576.0 |
       Dungeon |   2765 |   2551 |    214 |      0 |   2241 |   4 |  691.2 |
         Abyss |    115 |    115 |      0 |      0 |    113 |   1 |  115.0 |
               +--------+--------+--------+--------+--------+-----+--------+

Top non-repeatable levels by time:
     D:2: 1096 daAuts
     D:1: 800 daAuts
     D:3: 618 daAuts
     D:4: 249 daAuts
 Abyss:1: 115 daAuts
